[Event "Titled Tuesday Blitz October 5 2021"]
[White "Acosta, Pablo Ismael"]
[Black "Tabatabaei, M. Amin"]
[WhiteFideId "124311"]
[BlackFideId "12521213"]
[WhiteElo "2318"]
[BlackElo "2555"]
[Result "0-1"]
[Round "05"]
[TimeControl "180+1"]
[Date "2021.10.05"]
[WhiteClock "0:00:02"]
[BlackClock "0:00:19"]

1. d4 c6 2. c4 d5 3. Nc3 Nf6 4. Nf3 e6 5. cxd5 exd5 6. Bg5 h6 7. Bh4 Qb6 8. Qb3 Qxb3 9. axb3 Nbd7 10. Nd2 g5 11. Bg3 Nh5 12. Bc7 Ng7 13. e3 Ne6 14. Bg3 Nf6 15. Be2 Bg7 16. b4 Bd7 17. b5 c5 18. dxc5 Nxc5 19. Be5 Be6 20. b6 a6 21. Nb5 O-O 22. Nc7 Rad8 23. O-O Nfe4 24. Bxg7 Kxg7 25. Nf3 Rd6 26. b4 Nd7 27. b5 Nc3 28. Bd3 axb5 29. Bxb5 Nxb5 30. Nxb5 Rxb6 31. Nfd4 Nf6 32. Rfc1 Bd7 33. Ra5 Ra6 34. Rca1 Rfa8 35. Rxa6 Rxa6 36. Rc1 Bxb5 37. Nxb5 Ra2 38. f3 Rb2 39. Nd4 h5 40. Rc7 b5 41. Nf5+ Kg6 42. Ne7+ Kh7 43. Nf5 b4 44. Nd6 b3 45. Nxf7 Rc2 46. Rb7 b2 47. Ne5+ Kg8 48. Rb8+ Kg7 49. Rb7+ Kf8 50. h4 Rc1+ 51. Kh2 b1=Q 52. Rf7+ Ke8 53. hxg5 Rh1+ 54. Kg3 Qe1+ 55. Kf4 Rh4+ 56. Kf5 Qxe3 57. Rxf6 Rf4+ 58. Ke6 Rxf6+ 59. gxf6 d4 60. f7+ Kf8 61. f4 d3 62. g3 d2 63. Kf6 Qd4 64. Ke6 Kg7 0-1


[Site "https://www.chess.com"]

[Event "Titled Tuesday Blitz October 5 2021"]
[White "Aggelis, Nikolaos"]
[Black "Bilych, Olexiy"]
[WhiteFideId "4213220"]
[BlackFideId "14156504"]
[WhiteElo "2154"]
[BlackElo "2248"]
[Result "0-1"]
[Round "05"]
[TimeControl "180+1"]
[Date "2021.10.05"]
[WhiteClock "0:00:05"]
[BlackClock "0:00:05"]

1. d4 Nf6 2. g3 d5 3. Bg2 e6 4. Nf3 c5 5. O-O cxd4 6. Nxd4 e5 7. Nb3 Nc6 8. Bg5 Be6 9. f4 exf4 10. gxf4 Qb6+ 11. Kh1 Ne4 12. Bh4 f5 13. Nc3 Be7 14. Bxe7 Nxe7 15. Qd4 Qxd4 16. Nxd4 Kf7 17. Rad1 a6 18. Nf3 Nxc3 19. bxc3 Rac8 20. Rd3 Rc5 21. Rb1 b5 22. a4 h6 23. axb5 axb5 24. Nd4 Bd7 25. Kg1 Rhc8 26. Rb3 Ng8 27. Nf3 Be6 28. Ne5+ Ke7 29. Kf2 Nf6 30. Ra3 Ne4+ 31. Bxe4 fxe4 32. Rg3 g5 33. fxg5 hxg5 34. Rxg5 Rxc3 35. Ra7+ Kd6 36. Ra6+ Ke7 37. Rg6 Rf8+ 38. Ke1 Bh3 39. Rg7+ Ke8 40. Nc6 Rxc6 41. Rxc6 e3 42. Rg1 Rf2 43. Rc5 Be6 44. Rxb5 Rxh2 45. Rb4 Kd7 46. Rf4 Kd6 47. Kd1 Ke5 48. Rb4 d4 49. Rb5+ Kf4 50. Rbg5 Bf5 51. R5g2 Rh8 52. Kc1 Be4 53. Rf1+ Ke5 54. Rg5+ Ke6 55. Kb2 Rb8+ 56. Ka3 Bxc2 57. Rg4 Kd5 58. Rff4 Ra8+ 59. Kb2 d3 60. Rd4+ Kc5 61. exd3 e2 62. Rde4 Bxd3 63. Re3 Bc4 64. Kc3 Ra3+ 65. Kd2 Rxe3 66. Rg1 Re5 67. Ke1 Kd4 68. Rg3 Re4 69. Rf3 Rg4 70. Kf2 Rg1 71. Kxg1 e1=Q+ 72. Kg2 Qe2+ 73. Kg3 Qe5+ 74. Rf4+ Kc5 75. Kh3 Be6+ 76. Kg3 Qg5+ 77. Kf3 Bd5+ 78. Ke3 Qg3+ 79. Ke2 Qxf4 0-1


[Site "https://www.chess.com"]

[Event "Titled Tuesday Blitz October 5 2021"]
[White "Aldokhin, Ivan"]
[Black "Korobov, Anton"]
[WhiteFideId "24115720"]
[BlackFideId "14105730"]
[WhiteElo "2231"]
[BlackElo "2718"]
[Result "0-1"]
[Round "05"]
[TimeControl "180+1"]
[Date "2021.10.05"]
[WhiteClock "0:00:03"]
[BlackClock "0:00:58"]

1. e4 c5 2. Nf3 Nc6 3. d4 cxd4 4. Nxd4 Qb6 5. Nb3 Nf6 6. Nc3 e6 7. Bd3 Be7 8. O-O O-O 9. Kh1 d6 10. f4 a6 11. g4 Qc7 12. g5 Nd7 13. f5 Re8 14. fxe6 fxe6 15. e5 Nf8 16. exd6 Bxd6 17. Qe2 Ne5 18. Be4 Bd7 19. Bf4 Nfg6 20. Bg3 Nc4 21. Bxd6 Nxd6 22. Bxg6 hxg6 23. Qe5 Bc6+ 24. Kg1 Qe7 25. Nd4 Rac8 26. Nxc6 Rxc6 27. Rae1 Nc4 28. Qe4 Nd2 29. Qxg6 Nxf1 30. Rxf1 Rf8 31. Rxf8+ Qxf8 32. Ne4 Qf7 33. Nf6+ Kf8 34. Nh7+ Ke7 35. Qd3 Qf5 36. Qa3+ Qc5+ 37. Qxc5+ Rxc5 38. c3 Ra5 39. a3 Rb5 40. b4 Rd5 41. Kf2 Rd3 42. h4 Rxc3 43. h5 Rxa3 44. h6 gxh6 45. gxh6 Rh3 46. Ng5 Rxh6 47. Ne4 Rh4 48. Nc5 Rxb4 49. Ke3 a5 50. Kd3 b6 51. Ne4 Rxe4 0-1


[Site "https://www.chess.com"]

[Event "Titled Tuesday Blitz October 5 2021"]
[White "Arabidze, Meri"]
[Black "Royal, Shreyas"]
[WhiteFideId "13604040"]
[BlackFideId "448869"]
[WhiteElo "2432"]
[BlackElo "1931"]
[Result "1/2-1/2"]
[Round "05"]
[TimeControl "180+1"]
[Date "2021.10.05"]
[WhiteClock "0:00:11"]
[BlackClock "0:01:02"]

1. d4 Nf6 2. Nf3 g6 3. c4 Bg7 4. g3 d6 5. Bg2 O-O 6. O-O Nc6 7. Nc3 a6 8. Bf4 Rb8 9. Rc1 h6 10. h3 b5 11. cxb5 axb5 12. d5 Na5 13. b4 Nc4 14. Nd4 Bd7 15. Ncxb5 Nb2 16. Qc2 Bxb5 17. Qxb2 Nd7 18. Rfd1 Nb6 19. Qd2 Nc4 20. Rxc4 Bxc4 21. Nc6 Qc8 22. Nxb8 Qxb8 23. Rc1 Qb5 24. a4 Qa6 25. Qc2 Bxe2 26. b5 Bxb5 27. axb5 Qxb5 28. Qxc7 g5 29. Be3 f5 30. Qxe7 f4 31. Qe6+ Kh8 32. Ba7 Qb2 33. Rc8 Qa1+ 34. Kh2 Qxa7 35. Rxf8+ Bxf8 36. Qf6+ Bg7 37. Qxd6 Qxf2 38. gxf4 gxf4 39. Qd8+ Kh7 40. Qc8 Qg3+ 41. Kh1 Bd4 42. Qf5+ Kg7 43. Qg4+ Qxg4 44. hxg4 Kf6 45. Bf3 Kg5 46. Kg2 Kh4 47. Be4 Kxg4 48. Bf3+ Kf5 49. Kh3 Kg5 50. Kg2 Kf5 51. Kh2 Bf6 52. Kg2 Ke5 53. Kh2 Kd4 54. Kg2 Ke3 55. d6 Be5 56. d7 Bf6 57. Bc6 h5 58. Bb7 Kd4 59. Bc6 Kc5 60. Bf3 h4 61. Kh3 Kd6 62. Kg4 Kxd7 63. Kxf4 Ke6 64. Kg4 Ke5 65. Kh3 Kf4 66. Bg2 Bg5 67. Bh1 Ke3 68. Bg2 Kf2 69. Bh1 1/2-1/2


[Site "https://www.chess.com"]

[Event "Titled Tuesday Blitz October 5 2021"]
[White "Avila Pavas, Santiago"]
[Black "Rozhkov, Viacheslav"]
[WhiteFideId "4437128"]
[BlackFideId "4181484"]
[WhiteElo "2292"]
[BlackElo "2324"]
[Result "1-0"]
[Round "05"]
[TimeControl "180+1"]
[Date "2021.10.05"]
[WhiteClock "0:01:05"]
[BlackClock "0:00:59"]

1. d4 d5 2. c4 dxc4 3. Nf3 a6 4. a4 Nf6 5. Nc3 Nc6 6. e3 Na5 7. Ne5 e6 8. Nxc4 Nxc4 9. Bxc4 c5 10. O-O Bd6 11. dxc5 Bxc5 12. Qxd8+ Kxd8 13. e4 Ke7 14. e5 Ng4 15. Bg5+ f6 16. exf6+ gxf6 17. Bh4 Rg8 18. Rfe1 Kf7 19. Ne4 Be7 20. Bg3 Nh6 21. Bd6 Nf5 22. Bxe7 Kxe7 23. Nc5 e5 24. Bxg8 1-0


[Site "https://www.chess.com"]

[Event "Titled Tuesday Blitz October 5 2021"]
[White "Avramidou, Anastasia"]
[Black "Csonka, Balazs"]
[WhiteFideId "4239873"]
[BlackFideId "742910"]
[WhiteElo "2183"]
[BlackElo "2404"]
[Result "1/2-1/2"]
[Round "05"]
[TimeControl "180+1"]
[Date "2021.10.05"]
[WhiteClock "0:00:16"]
[BlackClock "0:00:12"]

1. Nf3 Nf6 2. g3 g6 3. Bg2 Bg7 4. O-O O-O 5. Nc3 c5 6. e4 Nc6 7. Qe2 d6 8. h3 Rb8 9. a4 a6 10. d3 b5 11. axb5 axb5 12. Bg5 b4 13. Nd1 Be6 14. Nh2 Qc8 15. h4 Nd4 16. Qd2 c4 17. dxc4 Qxc4 18. Ne3 Qc5 19. Rfd1 Nc6 20. Nd5 Bxd5 21. exd5 Ne5 22. Be3 Qc8 23. b3 Nfg4 24. Nxg4 Nxg4 25. Bd4 Bxd4 26. Qxd4 h5 27. Rd2 Qc5 28. Qxc5 dxc5 29. Ra5 Rfc8 30. Bh3 Rb6 31. Bxg4 hxg4 32. Ra7 e6 33. dxe6 Rxe6 34. Rdd7 Rf6 35. Kg2 c4 36. bxc4 Rxc4 37. Rd2 Kg7 38. Rb7 Rfc6 39. Rb5 Rxc2 40. Rxc2 Rxc2 41. Rxb4 f5 42. Rf4 Kf6 43. Rb4 Rc6 44. Ra4 1/2-1/2


[Site "https://www.chess.com"]

[Event "Titled Tuesday Blitz October 5 2021"]
[White "Babazada, Khazar"]
[Black "Glavina, Pablo"]
[WhiteFideId "13413554"]
[BlackFideId "100234"]
[WhiteElo "2302"]
[BlackElo "2369"]
[Result "1-0"]
[Round "05"]
[TimeControl "180+1"]
[Date "2021.10.05"]
[WhiteClock "0:00:10"]
[BlackClock "0:00:01"]

1. e4 e5 2. Nc3 Nf6 3. Nf3 Nc6 4. Be2 Bb4 5. O-O Bxc3 6. dxc3 Nxe4 7. Nxe5 O-O 8. Nxc6 dxc6 9. Bf4 Qf6 10. Bxc7 Bf5 11. Bd3 Rfe8 12. Bf4 Nxc3 13. bxc3 Bxd3 14. cxd3 Qxf4 15. Rb1 Re7 16. Rb4 Qf5 17. Rd4 Rae8 18. g3 g6 19. Qb3 Qf3 20. Qb1 h5 21. Rf4 Qd5 22. c4 Qc5 23. Qb2 Qe5 24. Qb3 Rd8 25. Qa3 Qd6 26. Qxa7 Qxd3 27. h4 Rde8 28. Qa5 Re5 29. Qb4 R8e7 30. Kg2 Kg7 31. Qb2 Qe2 32. Qa1 Kg8 33. Rd1 Re8 34. Rd7 R5e7 35. Qd4 Qe6 36. Rd6 Qe5 37. Qd3 Qe2 38. Qc3 1-0


[Site "https://www.chess.com"]

[Event "Titled Tuesday Blitz October 5 2021"]
[White "Baskin, Robert"]
[Black "Lehtosaari, Mauri"]
[WhiteFideId "24662402"]
[BlackFideId "501999"]
[WhiteElo "2521"]
[BlackElo "2450"]
[Result "1-0"]
[Round "05"]
[TimeControl "180+1"]
[Date "2021.10.05"]
[WhiteClock "0:00:06"]
[BlackClock "0:00:18"]

1. e4 c5 2. Nf3 e6 3. d4 cxd4 4. Nxd4 Qb6 5. Be3 Bc5 6. Na3 d5 7. exd5 exd5 8. Bb5+ Bd7 9. O-O Ne7 10. c3 O-O 11. b4 Bxd4 12. Bxd4 Qc7 13. Bd3 Nbc6 14. Nb5 Qd8 15. Qh5 g6 16. Qh6 Nxd4 17. Nxd4 Nc6 18. Nf3 Qf6 19. Rac1 Rac8 20. Rfe1 Rfe8 21. Ng5 Qg7 22. Qxg7+ Kxg7 23. f4 Bg4 24. Rxe8 Rxe8 25. h3 h6 26. Nxf7 Bxh3 27. Nd6 Re3 28. Rd1 Bg4 29. Rd2 b6 30. Kf2 Re6 31. Nb5 a5 32. a3 Rf6 33. Kg3 Bd7 34. Nc7 Rd6 35. Be4 Ne7 36. Nxd5 Nxd5 37. Rxd5 Rxd5 38. Bxd5 Kf6 39. Kf3 Ke7 40. Ke3 Kd6 41. Kd4 axb4 42. cxb4 g5 43. fxg5 hxg5 44. g3 Ba4 45. Be4 Bb5 46. Bc2 Bc6 47. a4 Bb7 48. a5 bxa5 49. bxa5 Ba6 50. Bd3 Bc8 51. a6 Kc7 52. Ke5 Kb6 53. Kf6 g4 54. Kg5 Ka7 55. Bf5 Bxa6 56. Bxg4 Kb6 57. Be6 Be2 58. Bg4 Bd3 59. Bf3 Kc7 60. g4 Kd6 61. Kf6 Kd7 62. g5 Ke8 63. Bh5+ Kf8 64. Bg6 Bxg6 65. Kxg6 Kg8 66. Kf6 Kf8 67. g6 Kg8 68. g7 Kh7 69. Kf7 1-0


[Site "https://www.chess.com"]

[Event "Titled Tuesday Blitz October 5 2021"]
[White "Begmuratov, Khumoyun"]
[Black "Al-Tarboush, Ward"]
[WhiteFideId "14210207"]
[BlackFideId "7601450"]
[WhiteElo "1948"]
[BlackElo "2296"]
[Result "0-1"]
[Round "05"]
[TimeControl "180+1"]
[Date "2021.10.05"]
[WhiteClock "0:00:03"]
[BlackClock "0:00:06"]

1. Nf3 d5 2. c4 c6 3. cxd5 cxd5 4. d4 Nf6 5. Nc3 Nc6 6. g3 Bf5 7. Bg2 e6 8. O-O Bd6 9. a3 O-O 10. b4 Rc8 11. Bb2 h6 12. Rc1 Qe7 13. Qa4 a6 14. Rfd1 Qd7 15. e3 b5 16. Qxa6 Na7 17. Ne5 Bxe5 18. dxe5 Rc6 19. Qa5 Qb7 20. Ne2 Ne4 21. Nd4 Ra8 22. Bf1 Rb6 23. f3 Ng5 24. h4 Nxf3+ 25. Nxf3 Nc6 26. Qxb6 Qxb6 27. Rc5 Be4 28. Nd4 Nxe5 29. Rxb5 Nf3+ 30. Kf2 Qc7 31. Nxf3 Bxf3 32. Rc1 Qd7 33. Kxf3 e5 34. Bxe5 Qf5+ 35. Bf4 g5 36. hxg5 hxg5 37. Rcc5 Qe4+ 38. Kg4 gxf4 39. exf4 f5+ 40. Kg5 Qe7+ 41. Kxf5 Rf8+ 42. Kg4 Qe6+ 43. Kf3 Qe4+ 44. Kf2 Qd4+ 45. Kf3 Qe4+ 46. Kf2 Rd8 47. Bg2 Qd4+ 48. Kf3 Qd1+ 49. Kf2 Qd2+ 50. Kf3 Re8 51. Kg4 Qxg2 52. Rxd5 Qe2+ 53. Kg5 Qe7+ 54. Kg4 Qe6+ 55. f5 Qe4+ 56. Kg5 Qe3+ 57. Kf6 Qh6# 0-1


[Site "https://www.chess.com"]

[Event "Titled Tuesday Blitz October 5 2021"]
[White "Begunov, Konstantin"]
[Black "Stoyanov, Tsvetan"]
[WhiteFideId "4118510"]
[BlackFideId "2917173"]
[WhiteElo "2262"]
[BlackElo "2191"]
[Result "0-1"]
[Round "05"]
[TimeControl "180+1"]
[Date "2021.10.05"]
[WhiteClock "0:00:01"]
[BlackClock "0:00:54"]

1. d4 g6 2. c4 Bg7 3. Nc3 c5 4. Nf3 cxd4 5. Nxd4 Nc6 6. e3 Nf6 7. Be2 O-O 8. O-O d6 9. b3 Nxd4 10. exd4 Bf5 11. Bb2 d5 12. c5 Ne4 13. b4 a5 14. b5 h5 15. f3 Ng5 16. Na4 Ne6 17. Nb6 Rb8 18. Qd2 h4 19. Rfd1 Kh7 20. Qxa5 Nxc5 21. Bc3 Ne6 22. g4 Nf4 23. Bf1 Be6 24. Na4 Qxa5 25. Bxa5 Ra8 26. Bc7 Rxa4 27. Bxf4 Bxd4+ 28. Rxd4 Rxd4 29. Be5 Ra4 30. Bd3 Rc8 31. a3 f6 32. Bb2 Bd7 33. Re1 e5 34. g5 e4 35. fxe4 dxe4 36. Rxe4 Rxe4 37. Bxe4 fxg5 38. Bxb7 Rb8 39. Be4 Rxb5 0-1


[Site "https://www.chess.com"]

[Event "Titled Tuesday Blitz October 5 2021"]
[White "Berezin, Viktor"]
[Black "Ivanisevic, Ivan"]
[WhiteFideId "14107872"]
[BlackFideId "912417"]
[WhiteElo "2310"]
[BlackElo "2499"]
[Result "0-1"]
[Round "05"]
[TimeControl "180+1"]
[Date "2021.10.05"]
[WhiteClock "0:01:51"]
[BlackClock "0:02:20"]

1. d4 Nf6 2. Nf3 e6 3. g3 c5 4. c4 cxd4 5. Nxd4 Qc7 6. b3 a6 7. Bg2 h5 8. h3 h4 9. g4 Nc6 10. O-O Qe5 11. e3 Bc5 12. Bb2 d5 13. Qc2 Nxd4 14. exd4 Bxd4 15. Nc3 Nxg4 16. hxg4 h3 17. Rae1 Qg3 0-1


[Site "https://www.chess.com"]

[Event "Titled Tuesday Blitz October 5 2021"]
[White "Bordi, Kevin"]
[Black "Andreikin, Dmitry"]
[WhiteFideId "621862"]
[BlackFideId "4158814"]
[WhiteElo "2827"]
[BlackElo "2736"]
[Result "0-1"]
[Round "05"]
[TimeControl "180+1"]
[Date "2021.10.05"]
[WhiteClock "0:00:01"]
[BlackClock "0:01:12"]

1. d4 d5 2. Bf4 Nf6 3. e3 g6 4. Nf3 Bg7 5. c4 c5 6. Nc3 cxd4 7. exd4 Nc6 8. Be2 O-O 9. O-O dxc4 10. Bxc4 Bg4 11. d5 Na5 12. Be2 Rc8 13. h3 Bxf3 14. Bxf3 Ne8 15. Re1 Nd6 16. Bg4 Rc7 17. Qe2 Nac4 18. Rac1 h5 19. Bf3 Rd7 20. b3 Nb6 21. Bg5 Nf5 22. Be4 Nd6 23. Bf3 Bf6 24. Bxf6 exf6 25. Bxh5 gxh5 26. Qxh5 Re8 27. Ne2 Rde7 28. Rc3 Ne4 29. Rf3 Qxd5 30. Qg4+ Qg5 31. Rf4 Nd5 32. Qxg5+ fxg5 33. Rf5 Nec3 34. Rxg5+ Kf8 0-1


[Site "https://www.chess.com"]

[Event "Titled Tuesday Blitz October 5 2021"]
[White "Boyer, Mahel"]
[Black "Vusatiuk, Vladimir"]
[WhiteFideId "45102422"]
[BlackFideId "14118610"]
[WhiteElo "2328"]
[BlackElo "2167"]
[Result "1-0"]
[Round "05"]
[TimeControl "180+1"]
[Date "2021.10.05"]
[WhiteClock "0:01:35"]
[BlackClock "0:00:04"]

1. e4 c5 2. d3 g6 3. g3 Bg7 4. Bg2 Nc6 5. f4 e6 6. Nf3 Nge7 7. O-O d6 8. c3 b5 9. Be3 b4 10. d4 bxc3 11. bxc3 cxd4 12. cxd4 d5 13. e5 O-O 14. Nc3 Ba6 15. Re1 Na5 16. Na4 Nc4 17. Bf2 Qa5 18. Nc5 Nc6 19. g4 Rfb8 20. f5 Rb2 21. fxe6 fxe6 22. Nxe6 Rxa2 23. Rxa2 Qxa2 24. Nfg5 Nb6 25. Qf3 Nd8 26. Nxg7 Kxg7 27. Qf6+ Kg8 28. e6 Bb5 29. e7 Qa3 30. Qf8# 1-0


[Site "https://www.chess.com"]

[Event "Titled Tuesday Blitz October 5 2021"]
[White "Bujisho, Benjamin"]
[Black "Onyshchuk, Volodymyr"]
[WhiteFideId "608610"]
[BlackFideId "14114038"]
[WhiteElo "2371"]
[BlackElo "2603"]
[Result "0-1"]
[Round "05"]
[TimeControl "180+1"]
[Date "2021.10.05"]
[WhiteClock "0:00:48"]
[BlackClock "0:00:55"]

1. e4 e5 2. Nf3 Nc6 3. Bc4 Bc5 4. d3 Nf6 5. c3 d6 6. Bb3 O-O 7. Nbd2 h6 8. h3 a5 9. Nf1 Be6 10. Ng3 Bxb3 11. axb3 Re8 12. O-O d5 13. Re1 dxe4 14. Nxe4 Nxe4 15. dxe4 Qxd1 16. Rxd1 Rad8 17. Rxd8 Rxd8 18. Bd2 f6 19. Kf1 Kf7 20. Ke2 b6 21. Rd1 h5 22. Be1 Rxd1 23. Kxd1 Nd8 24. Ke2 Ke6 25. Bd2 Nb7 26. Be3 g6 27. Nd2 f5 28. f3 f4 29. Bxc5 Nxc5 30. b4 axb4 31. cxb4 Na6 32. b5 Nc5 33. b4 Nb7 34. Nb1 Nd6 35. Nc3 Nc4 36. Nd5 Kd6 37. Kd3 Na3 38. Nc3 g5 39. Kd2 Nc4+ 40. Kd3 Ne3 41. g4 h4 42. Ke2 Nc2 43. Nd5 Nd4+ 44. Kd3 Nxf3 0-1


[Site "https://www.chess.com"]

[Event "Titled Tuesday Blitz October 5 2021"]
[White "Bykov, Egor"]
[Black "Mickiewicz, Piotr"]
[WhiteFideId "34115290"]
[BlackFideId "1114891"]
[WhiteElo "2221"]
[BlackElo "2251"]
[Result "1-0"]
[Round "05"]
[TimeControl "180+1"]
[Date "2021.10.05"]
[WhiteClock "0:00:16"]
[BlackClock "0:00:04"]

1. Nf3 Nf6 2. d4 g6 3. c4 Bg7 4. Nc3 O-O 5. e4 d6 6. Be2 c5 7. d5 e6 8. O-O exd5 9. exd5 Bg4 10. Bf4 Re8 11. Re1 Ne4 12. Qb3 Nxc3 13. bxc3 Qc7 14. h3 Bxf3 15. Bxf3 Nd7 16. Be2 Re4 17. Be3 Rae8 18. Bd3 R4e7 19. Bd2 Ne5 20. Bf1 h6 21. Qa4 a6 22. Rab1 Kf8 23. Qb3 g5 24. Qc2 Qa5 25. h4 gxh4 26. Qh7 Ng4 27. Rxe7 Rxe7 28. Bf4 Qxa2 29. Bxd6 Qxf2+ 30. Kh1 Be5 31. Bxe7+ Kxe7 32. Rxb7+ Kd6 33. Qb1 Bxc3 34. Qb6+ Ke5 35. Re7+ Kd4 36. Qb1 Qf4 37. Qd3# 1-0


[Site "https://www.chess.com"]

[Event "Titled Tuesday Blitz October 5 2021"]
[White "Chernomordik, Pavel"]
[Black "Papasimakopoulos, Alexandros"]
[WhiteFideId "2804530"]
[BlackFideId "4244125"]
[WhiteElo "2281"]
[BlackElo "2352"]
[Result "0-1"]
[Round "05"]
[TimeControl "180+1"]
[Date "2021.10.05"]
[WhiteClock "0:00:02"]
[BlackClock "0:00:09"]

1. e4 e6 2. Nc3 d5 3. d4 Bb4 4. Ne2 Nc6 5. a3 Ba5 6. e5 Nge7 7. Bg5 h6 8. Bh4 O-O 9. f4 Qe8 10. Qd3 Nf5 11. Bf2 f6 12. g4 Nfe7 13. exf6 Rxf6 14. Bh4 Rf8 15. O-O-O Qg6 16. Qg3 Bd7 17. Bg2 Rf7 18. Rhf1 Raf8 19. h3 a6 20. f5 exf5 21. Nf4 Qd6 22. g5 hxg5 23. Bxg5 Bxc3 24. Qxc3 Kh7 25. Qg3 Ng6 26. h4 Nxf4 27. Bxf4 Qg6 28. Bxd5 Qxg3 29. Bxg3 Rf6 30. Bxc7 f4 31. Be4+ Kh6 32. d5 Ne7 33. Be5 Ng6 34. Bxf6 Rxf6 35. d6 Nxh4 36. Bxb7 g5 37. Bxa6 g4 38. Rh1 Kg5 39. Rd5+ Rf5 40. Rxf5+ Nxf5 41. c4 Nd4 42. Kd2 f3 43. Ke3 Nf5+ 44. Ke4 Nxd6+ 45. Kd5 Nf5 46. c5 g3 47. c6 g2 48. Rc1 Be8 49. c7 f2 50. c8=Q Ne7+ 51. Ke6 Nxc8 52. Rxc8 g1=Q 53. Rxe8 Qe1+ 54. Kf7 Qa5 55. Bf1 Qc7+ 56. Kf8 Kf6 57. Bc4 Qg7# 0-1


[Site "https://www.chess.com"]

[Event "Titled Tuesday Blitz October 5 2021"]
[White "Chitlange Sakshi"]
[Black "Carnicelli, Valerio"]
[WhiteFideId "35002899"]
[BlackFideId "856185"]
[WhiteElo "1787"]
[BlackElo "2332"]
[Result "1-0"]
[Round "05"]
[TimeControl "180+1"]
[Date "2021.10.05"]
[WhiteClock "0:00:07"]
[BlackClock "0:00:27"]

1. d4 Nf6 2. Bf4 g6 3. Nc3 d5 4. h4 Bg7 5. e3 O-O 6. Be2 c6 7. h5 Re8 8. hxg6 hxg6 9. Nf3 Nbd7 10. Ne5 Nxe5 11. Bxe5 Bf5 12. Bd3 Bxd3 13. Qxd3 Nd7 14. Bxg7 Kxg7 15. O-O-O Nf6 16. e4 dxe4 17. Nxe4 Nxe4 18. Qxe4 Qd5 19. Qe3 Qxa2 20. Qh6+ Kf6 21. Rd3 Qa1+ 22. Kd2 Qa5+ 23. Ke2 Ke6 24. Qh3+ Kd6 25. Qg3+ Kd7 26. Qg4+ e6 27. Rh7 Qf5 28. Qf3 Re7 29. Qg3 Qe4+ 30. Kd2 a5 31. c3 a4 32. Rf3 a3 33. Rhxf7 Re8 34. bxa3 Qb1 35. Qe5 Qb2+ 36. Kd3 Qxa3 37. R3f6 Qa6+ 38. Ke3 c5 39. dxc5 Qc6 40. Qd4+ Kc7 41. Rxe7+ Rxe7 42. Rf8 Rd7 43. Qf4+ 1-0


[Site "https://www.chess.com"]

[Event "Titled Tuesday Blitz October 5 2021"]
[White "Cunha, Lucas Aguiar"]
[Black "Yakubboev, Nodirbek"]
[WhiteFideId "2125404"]
[BlackFideId "14203987"]
[WhiteElo "2361"]
[BlackElo "2464"]
[Result "0-1"]
[Round "05"]
[TimeControl "180+1"]
[Date "2021.10.05"]
[WhiteClock "0:00:13"]
[BlackClock "0:00:06"]

1. e4 c6 2. d4 d5 3. e5 Bf5 4. Nf3 e6 5. Be2 Nd7 6. O-O h6 7. Nbd2 Ne7 8. Nb3 Qc7 9. a4 a5 10. Bd2 g5 11. Ne1 c5 12. Nxc5 Nxc5 13. dxc5 Nc6 14. Nd3 Bxd3 15. Bxd3 Bxc5 16. Bb5 Ke7 17. Re1 Nxe5 18. Bc3 f6 19. Qe2 Raf8 20. Rad1 h5 21. Kh1 h4 22. f3 Bd6 23. Bd4 Kf7 24. b3 Kg7 25. c4 dxc4 26. bxc4 Rf7 27. Qe3 Rc8 28. Bb6 Qb8 29. c5 Bc7 30. Rd4 Bxb6 31. cxb6 Rc2 32. Red1 Qc8 33. h3 Qc5 34. f4 gxf4 35. Qxf4 Ng6 36. Qg4 f5 37. Qg5 Qe7 38. Qe3 f4 39. Qf3 Ne5 40. Qe4 Rc5 41. Rd6 Qg5 42. Rg1 Qf5 43. Qe1 f3 44. Qf2 Rc3 45. Rd4 Ng6 46. Rg4 fxg2+ 47. Qxg2 Rg3 48. Rxg3 hxg3 49. Qxg3 Qd5+ 50. Rg2 Rf6 51. Bd3 Qh5 52. Qc7+ Kh6 53. Kh2 Qe5+ 54. Qxe5 Nxe5 55. Be4 Nc4 56. Kg3 Nxb6 57. Bxb7 Nxa4 58. Ra2 Nc5 59. Bf3 Rf5 60. Ra4 Nxa4 0-1


[Site "https://www.chess.com"]

[Event "Titled Tuesday Blitz October 5 2021"]
[White "Dang, Hoang Son"]
[Black "Vovk, Orest"]
[WhiteFideId "12402435"]
[BlackFideId "14113490"]
[WhiteElo "2248"]
[BlackElo "2203"]
[Result "1/2-1/2"]
[Round "05"]
[TimeControl "180+1"]
[Date "2021.10.05"]
[WhiteClock "0:00:18"]
[BlackClock "0:00:04"]

1. d4 e5 2. dxe5 Nc6 3. Nf3 Qe7 4. g3 Nxe5 5. Bg2 Nxf3+ 6. Bxf3 Qd6 7. Nd2 Nf6 8. O-O Be7 9. c3 O-O 10. Qc2 Qe6 11. Nb3 d6 12. Bg5 h6 13. Nd4 Qh3 14. Bg2 Qh5 15. Bxf6 Bxf6 16. Rad1 Bh3 17. e3 Bxg2 18. Kxg2 Bxd4 19. cxd4 c6 20. b3 Rfe8 21. h3 Qd5+ 22. Kh2 Qf3 23. Rd3 Re6 24. Qd1 Qxd1 25. Rfxd1 d5 26. b4 a5 27. a3 axb4 28. axb4 Ra4 29. Rb3 Ra2 30. Kg2 Rf6 31. Rf1 b5 32. g4 g5 33. Kg3 Kg7 34. f3 Rc2 35. Re1 Re6 36. h4 gxh4+ 37. Kxh4 Kg6 38. Kg3 f5 39. Kf4 fxg4 40. Kxg4 h5+ 41. Kg3 Kg5 42. Rh1 Rg6 43. e4 dxe4 44. fxe4 Rd2 45. Rf3 Rf6 46. Rxh5+ Kxh5 47. Rxf6 Rxd4 48. Kf4 Rxb4 49. Rxc6 Rb1 50. Rb6 b4 51. Kf5 b3 52. e5 Kh4 53. Ke6 b2 54. Rb5 Kg4 55. Rb4+ Kf3 56. Kf5 Ke3 57. Ke6 Kd3 58. Rb6 Kc3 59. Rc6+ Kd2 60. Rb6 Kc3 61. Rc6+ Kd2 62. Rb6 Kc2 63. Rc6+ Kd2 1/2-1/2


[Site "https://www.chess.com"]

[Event "Titled Tuesday Blitz October 5 2021"]
[White "Demchenko, Anton"]
[Black "Oparin, Grigoriy"]
[WhiteFideId "4160258"]
[BlackFideId "24125890"]
[WhiteElo "2583"]
[BlackElo "2604"]
[Result "0-1"]
[Round "05"]
[TimeControl "180+1"]
[Date "2021.10.05"]
[WhiteClock "0:00:40"]
[BlackClock "0:00:09"]

1. e4 c6 2. d4 d5 3. e5 c5 4. Nf3 e6 5. c3 Bd7 6. Bd3 Qb6 7. O-O Bb5 8. dxc5 Bxc5 9. b4 Be7 10. Be3 Qa6 11. Bxb5+ Qxb5 12. Nd4 Qd7 13. Qg4 g6 14. Nd2 h5 15. Qe2 Nc6 16. Nxc6 Qxc6 17. c4 Bxb4 18. cxd5 Qxd5 19. Nc4 b5 20. Nd6+ Bxd6 21. exd6 Nf6 22. Qb2 e5 23. Rfd1 Qe6 24. d7+ Nxd7 25. Qxb5 Rd8 26. Bxa7 O-O 27. a4 Nf6 28. a5 Nd5 29. Qc4 Rd6 30. Bc5 Rc8 31. a6 Nf4 32. Qxe6 Rxd1+ 33. Rxd1 Nxe6 34. Bb6 Ra8 35. a7 Nd4 36. Rc1 Ne2+ 0-1


[Site "https://www.chess.com"]

[Event "Titled Tuesday Blitz October 5 2021"]
[White "Djordjevic, Vuk"]
[Black "Sanal, Vahap"]
[WhiteFideId "902098"]
[BlackFideId "6300545"]
[WhiteElo "2463"]
[BlackElo "2492"]
[Result "1-0"]
[Round "05"]
[TimeControl "180+1"]
[Date "2021.10.05"]
[WhiteClock "0:00:07"]
[BlackClock "0:00:15"]

1. d4 d6 2. Nf3 Nf6 3. Bg5 Nbd7 4. e3 g6 5. c4 Bg7 6. Nc3 O-O 7. Be2 b6 8. O-O Bb7 9. h3 h6 10. Bh4 Nh7 11. b4 f5 12. Bg3 e5 13. Bh2 e4 14. Nd2 c5 15. bxc5 dxc5 16. Nb3 cxd4 17. Nxd4 Nc5 18. Ncb5 Qd7 19. Rb1 Rad8 20. Nxa7 f4 21. Bg4 Qe8 22. Rxb6 h5 23. Rxb7 hxg4 24. Rxg7+ Kxg7 25. Bxf4 Nd3 26. Nac6 Rd7 27. Qxg4 Rf6 28. Be5 Nxe5 29. Nxe5 Rc7 30. f4 exf3 31. Ndxf3 Re7 32. Qd4 Kf8 33. c5 Qc8 34. c6 Ke8 35. Qd5 Nf8 36. Qd4 Qa6 37. Nd7 Nxd7 38. cxd7+ Rxd7 39. Qe5+ Qe6 40. Qg5 Rd5 41. Qh6 Ke7 42. Qg7+ Rf7 43. Qc3 Qd6 44. Rb1 Qc5 45. Qxc5+ Rxc5 46. Rb2 Ra5 47. Kf2 Kf8 48. Kg3 Kg7 49. Nd4 Rfa7 50. Kf3 Rxa2 51. Rxa2 Rxa2 52. Ne6+ Kf6 53. Nf4 g5 54. Nd5+ Ke5 55. Nc3 Rd2 56. Ne4 g4+ 57. hxg4 Rd8 58. Ng3 Rd1 59. Nh5 Rf1+ 60. Ke2 Rg1 61. Kf2 Ra1 62. Ng3 Rb1 63. Ne2 Rb4 64. Kf3 Rb1 65. Nf4 Rf1+ 66. Ke2 Rc1 67. Nd3+ 1-0


[Site "https://www.chess.com"]